 Dungeon Crawl Stone Soup version 0.31-a0-876-gfe8ebadbca (webtiles) character file.

Game seed: 1082561699562473972

388616 gruber the Sorcerer (level 22, -5/124 (125) HPs)
             Began as a Deep Elf Conjurer on Oct 10, 2023.
             Was the Champion of Vehumet.
             Slain by a grey draconian monk (29 damage)
             ... summoned by old memories
             ... in a wizard's laboratory on Oct 13, 2023.
             The game lasted 01:44:41 (49454 turns).

gruber the Sorcerer (Deep Elf Conjurer)            Turns: 49454, Time: 01:44:42

HP:   -5/124 (125)  AC: 12    Str:  7    XL:     22   Next: 5%
MP:   24/64         EV: 23    Int: 43    God:    Vehumet [******]
Gold: 2545          SH:  0    Dex: 16    Spells: 16/63 levels left

rFire   + . .        t - +6 Majin-Bo {spellvamp, MP+6 Int+6}
rCold   . . .        V - sphere of Battle
rNeg    . . .        O - +0 toga "Victory" {*Victory Clar}
rPois   .            Z - +0 helmet
rElec   .            v - +2 cloak {Stlth+}
rCorr   .            j - +1 pair of gloves of Dramatic Exits {rF+}
SInv    +            r - +2 pair of boots of Sif Muna's Reproof {Dex+3}
Will    ++...        P - amulet of magic regeneration
Stlth   +++++++      M - ring of Suasure {+Blink MP+9 Str+3 Int-4 SInv}
HPRegen 0.40/turn    A - +6 ring of intelligence
MPRegen 0.79/turn

%: clarity
@: very slightly contaminated, lightly drained
A: no striking features
}: 2/15 runes: decaying, gossamer
a: Renounce Religion, Evoke Blink


You were in a wizard's laboratory.
You worshipped Vehumet.
Vehumet was exalted by your worship.
You visited 8 branches of the dungeon, and saw 37 of its levels.
You visited the Abyss 1 time.
You also visited: Wizlab.

You collected 4227 gold pieces.
You spent 1682 gold pieces at shops.

Inventory:

Hand Weapons
 t - the +6 Majin-Bo (weapon) {spellvamp, MP+6 Int+6}
   (You acquired it on level 4 of the Spider Nest)

   Int+6:     It affects your intelligence (+6).
   MP+6:      It affects your magic capacity (+6).
Missiles
 e - 4 throwing nets
 p - 11 curare-tipped darts
Armour
 j - the +1 pair of gloves of Dramatic Exits (worn) {rF+}
   (You bought it in a shop on level 14 of the Dungeon)

   rF+:       It protects you from fire.
 r - the +2 pair of boots of Sif Muna's Reproof (worn) {Dex+3}
   (You acquired it on level 1 of the Elven Halls)

   Dex+3:     It affects your dexterity (+3).
 v - a +2 cloak of stealth (worn)
 O - the +0 toga "Victory" (worn) {*Victory Clar}
   (You found it on level 4 of the Dungeon)

   *Victory:  When the wearer kills a threatening monster, it has a chance to
   gain +1 AC, +1 Slay, and +1 Int, capping at +7.
   When the wearer uses a scroll or a potion with a hostile monster in sight,
   its bonuses reset to +0.
   Unequipping it also resets its bonuses to +0.
   Clar:      It protects you from confusion, rage, mesmerisation and fear.
 V - the sphere of Battle (worn)
   (You bought it in a shop on level 14 of the Dungeon)

   Battle:    It summons a battlesphere in combat, with strength depending on
   Conjurations skill.
   Destructive: It enhances your destructive magic, and weakens non-destructive
   magic.
 Z - a +0 helmet (worn)
Magical Staves
 X - a staff of poison
Jewellery
 b - a ring of positive energy
 A - a +6 ring of intelligence (right hand)
 M - the ring of Suasure (left hand) {+Blink MP+9 Str+3 Int-4 SInv}
   (You found it on level 1 of the Lair of Beasts)

   [ring of magical power]

   Str+3:     It affects your strength (+3).
   Int-4:     It affects your intelligence (-4).
   MP+9:      It affects your magic capacity (+9).
   SInv:      It lets you see invisible.
   +Blink:    It lets you blink.
 P - an amulet of magic regeneration (around neck)
 S - a ring of protection from fire
 T - a ring of protection from cold
Wands
 Q - a wand of digging (11)
 R - a wand of roots (29)
 W - a wand of acid (21)
Scrolls
 d - 5 scrolls of blinking
 g - 2 scrolls of butterflies
 h - 5 scrolls of poison
 k - 3 scrolls of revelation
 n - 18 scrolls of teleportation
 u - 4 scrolls of brand weapon {unknown}
 x - 5 scrolls of fear
 K - 2 scrolls of fog
 Y - 3 scrolls of immolation
Potions
 a - 6 potions of attraction
 c - 14 potions of curing
 f - 4 potions of haste
 l - 4 potions of brilliance
 m - 6 potions of berserk rage
 q - 6 potions of heal wounds
 s - 5 potions of ambrosia
 w - 5 potions of enlightenment
 B - 3 potions of invisibility
 E - 2 potions of might
 G - 7 potions of lignification
 L - 5 potions of resistance


   Skills:
 - Level 9.1 Fighting
 - Level 5.4 Staves
 - Level 7.0 Armour
 - Level 18.8 Dodging
 - Level 16.4 Stealth
 - Level 5.6 Shields
 - Level 21.3 Spellcasting
 * Level 21.3 Conjurations
 - Level 17.4 Fire Magic
 - Level 7.0 Ice Magic
 - Level 8.0 Earth Magic


You had 16 spell levels left.
You knew the following spells:

 Your Spells              Type           Power      Damage    Failure   Level
a - Magic Dart            Conj           100%       1d8       0%          1
b - Searing Ray           Conj           100%       2d8       0%          2
c - Iskenderun's Mystic   Conj/Tloc      100%       2d19      1%          4
d - Mephitic Cloud        Conj/Pois/Air  100%       N/A       1%          3
e - Hailstorm             Conj/Ice       100%       3d20      0%          3
f - Fireball              Conj/Fire      72%        3d27      0%          5
g - Spellforged Servitor  Conj/Summ      59%        N/A       1%          7
h - Fire Storm            Conj/Fire      72%        8d18      4%          9
i - Lehudib's Crystal Sp  Conj/Erth      65%        10d15     1%          8
j - Borgnjor's Vile Clut  Necr/Erth      20%        N/A       2%          5

Your spell library contained the following spells:

 Spells                   Type           Power      Damage    Failure   Level
 Polar Vortex             Ice            51%        12d6*     99%         9
 Kiss of Death            Conj/Necr      100%       2d13      0%          1
 Sandblast                Erth           100%       2d20      0%          1
 Shock                    Conj/Air       100%       1d9       0%          1
 Static Discharge         Conj/Air       100%       2-7/arc   0%          2
 Dazzling Flash           Conj/Hex       100%       N/A       0%          3
 Stone Arrow              Conj/Erth      100%       3d13      0%          3
 Brom's Barrelling Bould  Conj/Erth      100%       2d11      0%          4
 Apportation              Tloc           44%        N/A       1%          1
 Necrotise                Necr           88%        1d8       1%          1
 Summon Small Mammal      Summ           88%        N/A       1%          1
 Call Imp                 Summ           44%        N/A       1%          2
 Cigotuvi's Dreadful Rot  Necr/Pois/Air  44%        N/A       1%          2
 Ensorcelled Hibernation  Hex/Ice        76%        N/A       1%          2
 Jinxbite                 Hex            44%        N/A       1%          2
 Passwall                 Tmut/Erth      33%        N/A       1%          2
 Poisonous Vapours        Pois/Air       100%       N/A       1%          2
 Sublimation of Blood     Necr           22%        N/A       1%          2
 Wereblood                Tmut           22%        N/A       1%          2
 Confusing Touch          Hex            22%        N/A       1%          3
 Gell's Gravitas          Tloc           22%        N/A       1%          3
 Ignite Poison            Fire/Tmut/Pois 97%        N/A       1%          3
 Swiftness                Air            22%        N/A       1%          3
 Teleport Other           Tloc           22%        N/A       1%          3
 Tukima's Dance           Hex            22%        N/A       1%          3
 Volatile Blastmotes      Fire/Tloc      100%       2d18      1%          3
 Airstrike                Air            31%        2d(5-21)  1%          4
 Animate Armour           Summ/Erth      80%        N/A       1%          4
 Fulminant Prism          Conj/Hex       59%        3d24      1%          4
 Petrify                  Tmut/Erth      40%        N/A       1%          4
 Summon Ice Beast         Ice/Summ       38%        N/A       1%          4
 Lee's Rapid Deconstruct  Erth           53%        3d25*     1%          5
 Anguish                  Hex/Necr       11%        N/A       4%          4
 Cause Fear               Hex            11%        N/A       4%          4
 Dimensional Bullseye     Hex/Tloc       11%        N/A       4%          4
 Dispel Undead            Necr           22%        3d12      4%          4
 Summon Lightning Spire   Summ/Air       22%        N/A       4%          4
 Vhi's Electric Charge    Tloc/Air       44%        N/A       4%          4
 Alistair's Intoxication  Tmut/Pois      14%        N/A       12%         5
 Simulacrum               Ice/Necr       19%        N/A       16%         6
 Eringya's Noxious Bog    Tmut/Pois      31%        4d6       17%         6
 Dispersal                Tloc           11%        N/A       56%         6
 Summon Hydra             Summ           11%        N/A       98%         7
 Dragon's Call            Summ           11%        N/A       100%        9


Dungeon Overview and Level Annotations

Branches:
Dungeon (15/15)            Temple (1/1) D:4            Lair (5/5) D:10
  Swamp (4/4) Lair:3       Spider (4/4) Lair:2        Slime (0/5) Lair:5
    Orc (2/2) D:11            Elf (3/3) Orc:2        Vaults (3/5) D:14
  Crypt (0/3) Vaults:2     Depths (0/4) D:15         WizLab (1/1)

Altars:
Ashenzari
Cheibriados
Dithmenos
Elyvilon
Fedhas
Gozag
Hepliaklqana
Kikubaaqudgha
Makhleb
Nemelex Xobeh
Okawaru
Qazlal
Ru
Sif Muna
Trog
Uskayaw
Vehumet
Wu Jian
Xom
Yredelemnul
Zin
The Shining One

Shops:
D:4 ?   D:8 :   D:14 [   D:15 ?[   Orc:2 ((!!   Elf:1 :   Elf:2 [

Portals:
Abyss: D:6

Annotations:
D:13 3 runed translucent doors, ReallyHexed's ghost, journeyman DjHW
Lair:4 3 runed translucent doors, Uzysm's ghost, journeyman DsBe
Lair:5 1 runed translucent door


Message History

Aim: a deep troll (summoned, not watching you, ally target, 83% to hit)
You feel a surge of power!
The searing ray misses the deep troll. (Press . to maintain the ray.)
* * * LOW HITPOINT WARNING * * *
Your battlesphere fires!
The barrage of energy hits the deep troll!
The deep troll is moderately wounded.
Unknown command.
The searing ray hits the deep troll.
The deep troll is moderately wounded.
Your battlesphere fires!
The barrage of energy hits the deep troll!!
The deep troll is severely wounded.
The deep troll misses you. The deep troll claws you!
* * * LOW HITPOINT WARNING * * *
The deep troll closely misses you.
Unknown command.
Casting: Searing Ray (safe; 0% risk of failure)
Confirm with . or Enter, or press ? or * to list all spells.
You feel a surge of power!
You erupt in a blast of force!
The mystic blast hits the deep troll!!
You kill the deep troll!
The deep troll's corpse dissolves into shadows!
* * * LOW HITPOINT WARNING * * *
Unknown command.
Unknown command.
You start resting.
Shadows coalesce into solid form.
You feel much better.
Casting: Iskenderun's Mystic Blast (safe; 1% risk of failure)
Confirm with . or Enter, or press ? or * to list all spells.
Aiming: Lehudib's Crystal Spear (dangerous; 1% risk of failure)
Press: ? - help, Shift-Dir - straight line, f - grey draconian monk
Aim: a grey draconian monk, wearing a +0 cloak (summoned, 63% to hit)
You feel a surge of power!
You miscast Lehudib's Crystal Spear.
You are very lightly contaminated with residual magic.
You are caught in an explosion of flying shrapnel.
* * * LOW HITPOINT WARNING * * *
The grey draconian monk hits you!!
You die...

##############
##@*6..........
#.q............
##..###'''###..
####♣♣...♣♣
♣♣♣♣.....♣♣♣
♣..........♣ #####
♣♣♣.....8......
##...##♣..............
#∩.∩..'.............⌠.


You could see a grey draconian monk (summoned), a demonspawn (summoned, ally
target) and a friendly battlesphere.

Vanquished Creatures
  Bai Suzhen (Spider:4)
  Xtahua (Vaults:3)
  Nikola (Elf:2)
  Arachne (Spider:3)
  A tentacled monstrosity (Swamp:1)
  2 sphinxes
  2 deep elf master archers (Elf:3)
  2 deep elf blademasters (Elf:3)
  An eldritch tentacle (Vaults:2)
  Aizul (Swamp:1)
  3 tentacled starspawn (Abyss:2)
  Roxanne (Spider:4)
  3 thorn hunters
  A fenstrider witch (Swamp:3)
  Donald (Spider:1)
  8 deep elf sorcerers
  8 vault wardens
  8 emperor scorpions
  An iron dragon (Vaults:2)
  3 ghost moths
  5 deep elf elementalists (Elf:3)
  An angel (Abyss:2)
  2 orc warlords
  4 ironbound thunderhulks
  4 very ugly things (Abyss:2)
  A formless jellyfish (Vaults:2)
  14 ironbound preservers
  4 eleionomae
  A vampire knight (Vaults:2)
  Nessos (D:15)
  14 deep elf annihilators
  4 deep elf demonologists
  14 starcursed masses (Abyss:2)
  2 spark wasps (Spider:4)
  A lorocyproca (Abyss:2)
  5 bunyips
  4 dire elephants (Vaults:3)
  3 deep elf death magi
  A jiangshi (Vaults:2)
  10 vault guards
  3 great orbs of eyes
  7 yaktaur captains
  5 entropy weavers
  3 deep elf high priests
  20 hydras
  5 catoblepae
  6 ogre magi
  A deep troll shaman (Lair:5)
  A jorogumo (Spider:4)
  3 ironbound frosthearts
  2 ghost crabs
  8 two-headed ogres
  11 centaur warriors
  6 boulder beetles
  10 alligators
  9 death yaks
  2 thrashing horrors (Abyss:2)
  32 dancing weapons
  9 demonic crawlers
  A spriggan berserker (Swamp:4)
  Urug (Lair:3)
  3 shock serpents (Vaults:2)
  Nergalle (Lair:3)
  15 deep elf knights
  3 skysharks
  3 wretched stars (Abyss:2)
  6 pharaoh ants
  A sea snake (Vaults:2)
  A sun moth (Spider:4)
  A skeletal warrior (D:13)
  Amaemon (D:8)
  2 glowing orange brains
  A sixfirhy (Abyss:2)
  A spriggan druid (Swamp:4)
  12 swamp dragons
  7 orb spiders
  8 bog bodies
  A goliath frog (Swamp:2)
  A death drake (Vaults:2)
  38 deep trolls
  A wizard (Vaults:3)
  The ghost of JaaP the Cleaver, a novice MiFi of Gozag (D:6)
  7 deep elf archers
  7 ironbound convokers
  5 lindwurms
  A phantasmal warrior (Vaults:2)
  Pikel (D:6)
  40 deep elf pyromancers
  A necromancer (Vaults:2)
  An orb spider (shapeshifter) (D:15)
  5 harpies (Vaults:2)
  4 orc knights (Orc:2)
  22 deep elf zephyrmancers
  10 steelbarb worms
  14 ugly things
  21 wolf spiders
  2 mana vipers (Vaults:2)
  A tengu skeleton (Vaults:2)
  4 orc sorcerers
  A worldbinder (Abyss:2)
  5 cyclopes
  6 manticores
  5 moths of wrath
  2 will-o-the-wisps (Swamp:2)
  10 elephants
  A toenail golem (D:6)
  3 black mambas
  Maurice (D:8)
  A salamander (D:15)
  4 torpor snails
  A smoke demon (Abyss:2)
  Joseph (D:8)
  4 vault sentinels
  9 cane toads
  A naga mage (Vaults:2)
  4 gargoyles
  A human skeleton (Vaults:2)
  4 orange demons
  4 unseen horrors
  Jeremiah (D:6)
  3 rime drakes
  Maggie (D:6)
  14 komodo dragons
  3 efreet
  26 yaktaurs
  3 kobold demonologists
  An ice devil (D:9)
  A freezing wraith (D:12)
  5 hellwings (Abyss:2)
  5 trolls
  A meliai (shapeshifter) (D:13)
  6 hornets
  8 tyrant leeches
  5 polar bears
  16 tarantellas
  A tengu simulacrum (Vaults:2)
  A harpy skeleton (Abyss:2)
  A wolf spider simulacrum (D:14)
  3 meliai (Spider:2)
  A tarantella (shapeshifter) (D:15)
  19 blink frogs
  A bloated husk (Swamp:1)
  12 raiju
  Prince Ribbit (D:6)
  A raiju (shapeshifter) (D:13)
  12 dream sheep (Lair:5)
  6 air elementals
  24 slime creatures
  18 culicivoras
  22 jumping spiders
  4 spriggans
  4 ynoxinuls
  2 vampires
  2 spriggans (shapeshifter)
  Eustachio (D:5)
  A shadow (D:11)
  9 wraiths
  6 water elementals
  3 golden eyes (Abyss:2)
  7 wyverns
  4 basilisks
  4 fire elementals
  17 vampire mosquitoes
  The ghost of AceOff the Shield-Bearer, an amateur FoFi (D:4)
  A chaos spawn (D:10)
  46 yaks
  11 humans (D:14)
  9 small abominations
  13 large abominations (Abyss:2)
  3 wargs
  58 redbacks
  3 steam dragons
  Menkaure (D:3)
  2 neqoxecs (Abyss:2)
  2 spatial vortices (Vaults:2)
  15 swamp worms
  An acid dragon (shapeshifter) (D:15)
  2 acid dragons
  Duvessa (D:5)
  14 water moccasins
  41 orc warriors
  10 swamp drakes
  2 ice beasts
  A sky beast (D:7)
  3 black bears
  5 ogres
  29 wolves
  A lemure (D:6)
  15 centaurs
  2 phantoms
  6 kobold brigands
  9 bullfrogs
  A necrophage (D:3)
  6 earth elementals
  2 gnoll sergeants
  3 scorpions
  5 wights (D:8)
  Dowan (D:5)
  4 killer bees (D:10)
  6 howler monkeys
  2 electric eels
  A crimson imp (D:6)
  A lava snake (Lair:4)
  A hound (D:5)
  7 quasits
  17 orc priests
  2 gnoll boudas
  An iron imp (D:6)
  Crazy Yiuf (D:6)
  3 iguanas
  4 lightning spires (Vaults:2)
  25 orc wizards
  7 hell rats (Lair:5)
  2 sleepcaps
  24 gnolls
  9 adders
  A shadow imp (Abyss:2)
  A white imp (Abyss:2)
  3 ufetubi (Abyss:2)
  3 worms
  A dart slug (D:3)
  73 orcs
  8 endoplasms
  4 giant cockroaches
  6 goblins
  5 hobgoblins
  2 jackals (D:5)
  4 quokkas
  6 ball pythons
  2 bats (D:2)
  A giant cockroach zombie (D:3)
  28 kobolds
  2 rats
  A rat zombie (D:5)
  A ball lightning (Vaults:2)
  A lurking horror (Abyss:2)
  A starspawn tentacle (Abyss:2)
1494 creatures vanquished.

Vanquished Creatures (collateral kills)
  The ghost of Lobisch Ygad the Markscentaur, an adept CeHu of Okawaru (Elf:3)
  A bone dragon (Abyss:2)
  An Executioner (Abyss:2)
  An emperor scorpion (Spider:4)
  A ghost moth (Spider:4)
  An ironbound preserver (Vaults:2)
  A boulder beetle (Spider:3)
  A dancing weapon (Elf:2)
  A steelbarb worm (Spider:4)
  3 deep trolls (Vaults:2)
  A deep elf zephyrmancer (Elf:2)
  A moth of wrath (Spider:4)
  A tarantella (Spider:3)
  A redback (Spider:3)
  A white imp (Abyss:2)
17 creatures vanquished.

Vanquished Creatures (others)
  A deep elf annihilator (Elf:3)
  A deep elf pyromancer (Elf:3)
  A hellwing (D:9)
  A kobold (D:4)
  24 fire vortices
  2 foxfires (Swamp:2)
  7 starspawn tentacles (Abyss:2)
37 creatures vanquished.

Grand Total: 1548 creatures vanquished

Notes
Turn   | Place    | Note
-------+----------+-------------------------------------------
     0 | D:1      | gruber the Deep Elf Conjurer began the quest for the Orb.
     0 | D:1      | Reached XP level 1. HP: 10/10 MP: 6/6
   501 | D:1      | Reached XP level 2. HP: 15/15 MP: 6/8
   505 | D:1      | Reached skill level 5 in Conjurations
   630 | D:1      | Found a faded altar of an unknown god.
   934 | D:2      | Learned a level 2 spell: Searing Ray
  1081 | D:2      | Reached XP level 3. HP: 19/19 MP: 7/9
  1717 | D:2      | Reached XP level 4. HP: 24/24 MP: 3/10
  2176 | D:3      | Learned a level 4 spell: Iskenderun's Mystic Blast
  2343 | D:3      | Found a transporter.
  2344 | D:3      | Found an ancient bone altar of Kikubaaqudgha.
  2346 | D:3      | Noticed Menkaure
  2351 | D:3      | Noticed a necrophage
  2355 | D:3      | Found a transporter.
  2503 | D:3      | Found a hide-covered altar of Uskayaw.
  2533 | D:3      | Found a stormy altar of Qazlal.
  2576 | D:3      | Found a basalt altar of Yredelemnul.
  3087 | D:4      | Found a runed translucent door.
  3089 | D:4      | Noticed a bullfrog
  3131 | D:4      | Noticed AceOff's ghost (amateur FoFi)
  3145 | D:4      | Found a runed translucent door.
  3201 | D:4      | Found a staircase to the Ecumenical Temple.
  3229 | D:4      | Found Vanlae's Magic Scroll Shoppe.
  3233 | D:4      | Bought a scroll of identify for 26 gold pieces
  3259 | D:4      | Reached XP level 5. HP: 28/28 MP: 9/18
  3539 | D:4      | Identified the +3 trident "Feulamma" {heavy, rF+ Int-4
                  | Dex+5}
  3653 | D:4      | Found an iron altar of Okawaru.
  3655 | D:4      | Found a runed translucent door.
  3769 | D:4      | Noticed an ogre
  3769 | D:4      | Found the +0 toga "Victory" {*Victory Clar}
  3900 | Temple   | Entered the Ecumenical Temple
  3945 | D:5      | Entered Level 5 of the Dungeon
  3945 | D:5      | Noticed Eustachio
  3955 | D:5      | Killed Eustachio
  3956 | D:5      | Reached skill level 10 in Conjurations
  3956 | D:5      | Reached XP level 6. HP: 32/32 MP: 10/20
  4176 | D:5      | Noticed Dowan
  4180 | D:5      | Noticed Duvessa
  4499 | D:5      | Reached XP level 7. HP: 30/36 MP: 16/21
  5352 | D:5      | Killed Dowan
  5354 | D:5      | Killed Duvessa
  5927 | D:6      | Identified the +4 robe "Omeup" {rF- rCorr Str+3 Int+2}
  5976 | D:6      | Noticed Maggie
  6130 | D:6      | Learned a level 3 spell: Mephitic Cloud
  6136 | D:6      | Noticed Jeremiah
  6147 | D:6      | Killed Jeremiah
  6148 | D:6      | Reached XP level 8. HP: 15/41 MP: 8/23
  6396 | D:6      | Found a transporter.
  6445 | D:6      | Noticed Prince Ribbit
  6449 | D:6      | Killed Prince Ribbit
  6548 | D:6      | Found a transporter.
  6549 | D:6      | Noticed a toenail golem
  6593 | D:6      | Noticed Pikel
  6602 | D:6      | Killed Pikel
  6603 | D:6      | Reached skill level 10 in Spellcasting
  6690 | D:6      | Found a one-way gate to the infinite horrors of the Abyss.
  6690 | D:6      | Noticed JaaP's ghost (novice MiFi)
  6979 | D:6      | Found a runed translucent door.
  6980 | D:6      | Noticed Crazy Yiuf
  7089 | D:6      | Killed Maggie
  7090 | D:6      | Reached XP level 9. HP: 38/45 MP: 12/25
  8035 | D:7      | Identified the +0 plate armour "Vyigaric" {rC+ Dex+4}
  8594 | D:7      | Reached skill level 10 in Dodging
  8964 | D:8      | Noticed a centaur warrior
  8982 | D:8      | Found a broken altar of Ashenzari.
  8986 | D:8      | Saw a vision of the Swamp and the Spider Nest.
  8986 | D:8      | Noticed a pharaoh ant
  8986 | D:8      | Noticed a broodmother
  8986 | D:8      | Noticed a moth of wrath
  8986 | D:8      | Noticed a pharaoh ant
  8986 | D:8      | Noticed an orb spider
  8986 | D:8      | Noticed a pharaoh ant
  8986 | D:8      | Noticed a goliath frog
  8986 | D:8      | Noticed an eleionoma
  8986 | D:8      | Noticed an alligator
  8986 | D:8      | Noticed a spriggan druid
  8986 | D:8      | Noticed a will-o-the-wisp
  8988 | D:8      | Noticed an orb spider
  8989 | D:8      | Noticed a broodmother
  9020 | D:8      | Noticed Joseph
  9038 | D:8      | Killed Joseph
  9039 | D:8      | Reached skill level 1 in Fighting
  9170 | D:8      | Reached XP level 10. HP: 25/54 MP: 7/27
  9682 | D:8      | Noticed Maurice
  9692 | D:8      | Killed Maurice
  9800 | D:8      | Found a radiant altar of Vehumet.
  9807 | D:8      | Became a worshipper of Vehumet
 10050 | D:8      | Noticed a two-headed ogre
 10050 | D:8      | Noticed a gargoyle
 10089 | D:8      | Reached skill level 1 in Staves
 10109 | D:8      | Killed a gargoyle
 10125 | D:8      | Killed a two-headed ogre
 10152 | D:8      | Noticed an orange demon
 10153 | D:8      | Noticed Amaemon
 10982 | D:8      | Identified the +1 glaive "Tidwaic" {speed, rF- rN+ rCorr}
 11100 | D:8      | Killed a centaur warrior
 11101 | D:8      | Reached skill level 5 in Staves
 11207 | D:8      | Found Koaji's Book Shop.
 11381 | D:8      | Killed Amaemon
 11384 | D:8      | Killed an orange demon
 11528 | D:9      | Reached XP level 11. HP: 48/61 MP: 18/28
 12259 | D:9      | Reached * piety under Vehumet
 12259 | D:9      | Offered knowledge of Shock by Vehumet.
 12657 | D:10     | Entered Level 10 of the Dungeon
 12672 | D:10     | Reached skill level 5 in Shields
 13254 | D:10     | Noticed a two-headed ogre
 13267 | D:10     | Killed a two-headed ogre
 13287 | D:10     | Reached skill level 5 in Stealth
 14098 | D:10     | Found a staircase to the Lair.
 14558 | D:10     | Noticed a wolf spider
 14575 | D:10     | Killed a wolf spider
 14705 | D:11     | Offered knowledge of Freeze by Vehumet.
 14706 | D:11     | Reached ** piety under Vehumet
 14797 | D:11     | Noticed a boulder beetle
 14804 | D:11     | Killed a boulder beetle
 14805 | D:11     | Reached XP level 12. HP: 66/66 MP: 25/30
 14846 | D:11     | Noticed a two-headed ogre
 14857 | D:11     | Killed a two-headed ogre
 15025 | D:11     | Found a staircase to the Orcish Mines.
 15046 | D:11     | Noticed a two-headed ogre
 15060 | D:11     | Killed a two-headed ogre
 16458 | D:12     | Offered knowledge of Hailstorm by Vehumet.
 16752 | D:12     | Reached skill level 15 in Spellcasting
 16796 | D:12     | Noticed a two-headed ogre
 17182 | D:12     | Noticed a two-headed ogre
 17197 | D:12     | Killed a two-headed ogre
 17693 | D:12     | Killed a two-headed ogre
 17714 | D:12     | Reached *** piety under Vehumet
 18209 | D:10     | Learned a level 3 spell: Hailstorm
 18216 | Lair:1   | Entered Level 1 of the Lair of Beasts
 18431 | Lair:1   | Reached skill level 1 in Ice Magic
 18502 | Lair:1   | Offered knowledge of Inner Flame by Vehumet.
 18584 | Lair:1   | Identified the ring of Suasure {+Blink MP+9 Str+3 Int-4
                  | SInv}
 18634 | Lair:1   | You fall into a shaft and drop 1 floor!
 18771 | Lair:1   | Noticed a catoblepas
 18786 | Lair:1   | Killed a catoblepas
 18787 | Lair:1   | Reached XP level 13. HP: 68/70 MP: 24/34
 19527 | Lair:1   | Reached skill level 5 in Ice Magic
 20030 | Lair:2   | Reached **** piety under Vehumet
 20045 | Lair:2   | Offered knowledge of Fireball by Vehumet.
 20229 | Lair:2   | Learned a level 5 spell: Fireball
 20254 | Lair:2   | Reached skill level 1 in Fire Magic
 20284 | Lair:2   | Found a hole to the Spider Nest.
 20991 | Lair:3   | Noticed Nergalle
 21000 | Lair:3   | Killed Nergalle
 21076 | Lair:3   | Noticed Urug
 21080 | Lair:3   | Killed Urug
 21496 | Lair:3   | Reached skill level 5 in Fire Magic
 21754 | Lair:3   | Found a staircase to the Swamp.
 21945 | Lair:3   | Reached ***** piety under Vehumet
 21945 | Lair:3   | Offered knowledge of Flame Wave by Vehumet.
 22051 | Lair:4   | Noticed Uzysm's ghost (journeyman DsBe)
 22052 | Lair:4   | Noticed a minotaur
 22306 | Lair:4   | Found a runed translucent gate.
 22306 | Lair:4   | Found a runed translucent gate.
 22306 | Lair:4   | Found a runed translucent gate.
 23428 | D:4      | Killed AceOff's ghost
 23649 | D:6      | Killed Crazy Yiuf
 23735 | D:6      | Killed JaaP's ghost
 23882 | D:6      | Reached skill level 10 in Fire Magic
 24069 | D:3      | Killed Menkaure
 24461 | Lair:5   | Entered Level 5 of the Lair of Beasts
 24463 | Lair:5   | Reached XP level 14. HP: 76/76 MP: 35/35
 24644 | Lair:5   | Found a runed translucent door.
 25342 | Lair:5   | Noticed an azure jelly
 25342 | Lair:5   | Noticed an azure jelly
 25343 | Lair:5   | Found a staircase to the Slime Pits.
 25343 | Lair:5   | Noticed an azure jelly
 26101 | D:13     | Found a runed translucent gate.
 26101 | D:13     | Noticed ReallyHexed's ghost (journeyman DjHW)
 26102 | D:13     | Found a runed translucent gate.
 26102 | D:13     | Found a runed translucent gate.
 26424 | D:13     | Reached XP level 15. HP: 80/80 MP: 28/36
 27202 | D:14     | Reached skill level 15 in Conjurations
 27516 | D:14     | Reached ****** piety under Vehumet
 27728 | D:14     | Offered knowledge of Plasma Beam by Vehumet.
 27786 | D:14     | Found a gate to the Vaults.
 27804 | D:14     | Found Imueguih's Armour Boutique.
 27812 | D:14     | Bought the sphere of Battle for 1280 gold pieces
 27812 | D:14     | Found the sphere of Battle
 28024 | Orc:1    | Entered Level 1 of the Orcish Mines
 28385 | Orc:2    | Entered Level 2 of the Orcish Mines
 28651 | Orc:2    | Offered knowledge of Yara's Violent Unravelling by Vehumet.
 28922 | Orc:2    | Found a staircase to the Elven Halls.
 29076 | Orc:2    | Found Noereruh's Distillery.
 29076 | Orc:2    | Found Mets's Antique Weapon Shop.
 29078 | Orc:2    | Found Niavis's Antique Weapon Boutique.
 29080 | Orc:2    | Found Yfibb's Distillery.
 29436 | D:14     | Bought the +1 pair of gloves of Dramatic Exits {rF+} for
                  | 376 gold pieces
 29453 | D:15     | Entered Level 15 of the Dungeon
 29728 | D:15     | Found a shadowy altar of Dithmenos.
 29757 | D:15     | Found Faceo's Antique Armour Shoppe.
 29806 | D:15     | Found Dioklei's Magic Scroll Emporium.
 30105 | D:15     | Noticed Nessos
 30107 | D:15     | Killed Nessos
 30335 | D:15     | Found a staircase to the Depths.
 30627 | Swamp:1  | Entered Level 1 of the Swamp
 30717 | Swamp:1  | Noticed a thorn hunter
 30720 | Swamp:1  | Killed a thorn hunter
 30754 | Swamp:1  | Noticed a tentacled monstrosity
 30763 | Swamp:1  | Killed a tentacled monstrosity
 30764 | Swamp:1  | Reached XP level 16. HP: 84/84 MP: 10/37
 30858 | Swamp:1  | Noticed Aizul
 30862 | Swamp:1  | Killed Aizul
 31047 | Swamp:1  | Identified the +1 mace of Okawaru's Castigation {freeze,
                  | rC+}
 31601 | Swamp:2  | Offered knowledge of Spellforged Servitor by Vehumet.
 31689 | Swamp:1  | Learned a level 7 spell: Spellforged Servitor
 32581 | Swamp:4  | Entered Level 4 of the Swamp
 32894 | Swamp:4  | Reached skill level 5 in Fighting
 33874 | Swamp:4  | Noticed a thorn hunter
 33876 | Swamp:4  | Killed a thorn hunter
 33947 | Swamp:4  | Offered knowledge of Arcjolt by Vehumet.
 34165 | Swamp:4  | Noticed a thorn hunter
 34168 | Swamp:4  | Killed a thorn hunter
 34393 | Swamp:4  | Got a decaying rune of Zot
 34585 | Spider:1 | Entered Level 1 of the Spider Nest
 34848 | Spider:1 | Reached XP level 17. HP: 97/97 MP: 41/41
 34856 | Spider:1 | Noticed Donald
 34905 | Spider:1 | Killed Donald
 35676 | Spider:2 | Identified the -2 hat "Curaseyp" {Fly rC+++ Will- Dex-5}
 36400 | Spider:2 | Reached skill level 15 in Dodging
 36766 | Spider:3 | Offered knowledge of Conjure Ball Lightning by Vehumet.
 36972 | Spider:3 | Reached skill level 1 in Armour
 37590 | Spider:4 | Entered Level 4 of the Spider Nest
 37759 | Spider:4 | Noticed Bai Suzhen
 37809 | Spider:4 | Noticed Arachne
 38215 | Spider:3 | Killed Arachne
 38216 | Spider:3 | Reached skill level 5 in Armour
 38782 | Spider:4 | Killed Bai Suzhen
 38782 | Spider:4 | Offered knowledge of Eringya's Noxious Bog by Vehumet.
 39026 | Spider:4 | Upgraded the game from 0.31-a0-865-g3d5d91748a to
                  | 0.31-a0-876-gfe8ebadbca
 39043 | Spider:4 | Reached XP level 18. HP: 36/103 MP: 8/42
 39359 | Spider:4 | Got a gossamer rune of Zot
 39372 | Spider:4 | Reached XP level 19. HP: 110/110 MP: 43/43
 39451 | Spider:4 | Identified a scroll of acquirement
 39452 | Spider:4 | Acquired the +6 Majin-Bo {spellvamp, MP+6 Int+6}
 39452 | Spider:4 | Found the +6 Majin-Bo {spellvamp, MP+6 Int+6}
 39602 | Spider:4 | Noticed Roxanne
 39615 | Spider:4 | Killed Roxanne
 40206 | Elf:1    | Entered Level 1 of the Elven Halls
 40998 | Elf:1    | Acquired the +2 pair of boots of Sif Muna's Reproof {Dex+3}
 41025 | Elf:1    | Found Yngetu's Book Emporium.
 41547 | Elf:2    | Noticed Nikola
 41548 | Elf:2    | Paralysed by an air elemental for 1 turns
 41557 | Elf:2    | Offered knowledge of Lehudib's Crystal Spear by Vehumet.
 41557 | Elf:2    | Offered knowledge of Fire Storm by Vehumet.
 41557 | Elf:2    | Offered knowledge of Polar Vortex by Vehumet.
 41564 | Elf:2    | Killed Nikola
 41898 | Elf:2    | Found a runed translucent gate.
 41898 | Elf:2    | Found a runed translucent gate.
 41899 | Elf:2    | Found a runed translucent gate.
 41950 | Elf:2    | Found Appa's Antique Armour Boutique.
 42608 | Elf:3    | Entered Level 3 of the Elven Halls
 42884 | Elf:3    | Reached XP level 20. HP: 115/115 MP: 47/47
 42943 | Elf:3    | Learned a level 9 spell: Fire Storm
 42952 | Elf:3    | Learned a level 8 spell: Lehudib's Crystal Spear
 42964 | Elf:3    | Found a runed translucent door.
 42968 | Elf:3    | Noticed Lobisch Ygad's ghost (adept CeHu)
 43252 | Elf:3    | Reached skill level 15 in Fire Magic
 43338 | Elf:3    | Identified the +2 falchion "Pehiary" {flame, *Slow Str+5
                  | Stlth+}
 43341 | Abyss:2  | Cast into level 2 of the Abyss (a deep elf sorcerer)
 43702 | Abyss:2  | HP: 3/92 [starcursed mass/accursed screaming (7)]
 45329 | Abyss:2  | Noticed a bone dragon
 45343 | Abyss:2  | Killed a bone dragon
 45486 | Abyss:2  | Reached skill level 10 in Stealth
 45546 | Elf:3    | Escaped the Abyss
 45806 | Elf:3    | Found the +8 storm bow {elec, penet}
 45819 | Elf:3    | Identified the staff "Beckou Uppeh" {*Corrode Str+2 Dex+9
                  | SInv Conj}
 46004 | Elf:3    | Killed Lobisch Ygad's ghost
 46228 | Vaults:1 | Entered Level 1 of the Vaults
 46499 | Vaults:1 | Reached XP level 21. HP: 120/120 MP: 48/48
 46636 | Vaults:1 | Reached skill level 15 in Stealth
 46957 | Vaults:1 | Reached skill level 1 in Earth Magic
 47570 | Vaults:2 | Reached skill level 5 in Earth Magic
 48003 | Vaults:2 | Got a droning book
 48080 | Vaults:2 | Got a foxed book
 48723 | Vaults:2 | Found a staircase to the Crypt.
 48862 | Vaults:2 | Got a clothbound book
 48938 | Vaults:2 | Got a resplendent book
 49001 | Vaults:2 | Learned a level 5 spell: Borgnjor's Vile Clutch
 49080 | Vaults:3 | Noticed Xtahua
 49084 | Vaults:3 | Killed Xtahua
 49236 | Vaults:3 | Reached XP level 22. HP: 121/125 MP: 45/49
 49355 | Vaults:3 | Found a magical portal.
 49370 | WizLab   | Entered Wucad Mu's Monastery
 49454 | WizLab   | Slain by a grey draconian monk

Illustrated notes

Levels and vault maps discovered:
D:1:      dpeg_arrival_radiant, layout_loops_cross,
          dilly_ecumenical_altar_fadedgnrine, nrook_campfire
D:2:      layout_basic, nrook_mini_backslash, corner_web_ring,
          amcnicky_mini_corridor_feature
D:3:      layout_loops_ring, gammafunk_temple_of_torment,
          mainiacjoe_overflow_two_lobes
D:4:      layout_loops_ring, nicolae_overflow_guarded_unrand_okawaru_victory,
          lemuel_temple_firewalk_a, ebering_ghost_sewer_f, serial_shops, shop,
          minmay_tree_intersection
D:5:      layout_layer_cave, enter_ossuary_3, chequers_serial_rivers_micro_a,
          lightli_corner_chamber, uniq_eustachio, uniq_duvessa
D:6:      layout_loops_corners, gammafunk_ghost_abyssal_escape,
          uniq_crazy_yiuf_cottage, uniq_pikel, uniq_prince_ribbit1, uniq_maggie,
          uniq_jeremiah
D:7:      layout_basic, serial_bayou_pond_e
D:8:      nicolae_hitomezashi [nicolae_hito_row, nicolae_hito_row,
          nicolae_hito_row, nicolae_hito_row, nicolae_hito_row,
          nicolae_hito_row, nicolae_hito_row, nicolae_hito_row,
          nicolae_hito_row, nicolae_hito_row, nicolae_hito_row,
          nicolae_hito_row, nicolae_hito_row, nicolae_hito_row,
          nicolae_hito_row, nicolae_hito_row, nicolae_hito_row,
          nicolae_hito_row], layout_gridville, grunt_ashenzari_visionary
          [grunt_ashenzari_visionary_swamp, grunt_ashenzari_visionary_spider],
          fiery_altar_vehumet, serial_shops, kennysheep_little_box,
          dk_noncrumbling_4, minmay_radiant, uniq_amaemon, uniq_joseph,
          uniq_maurice
D:9:      layout_loops_ring, abandoned_shop, hangedman_decor_clover_reticule,
          minmay_misc_feat_hallway
D:10:     layout_loops_ring, minmay_lair_entry_grove, serial_demonic,
          serial_demonic_f, serial_demonic_a, serial_demonic_e,
          serial_demonic_f, minmay_three_doors
D:11:     layout_stronghold, david_orc_3, hangedman_abyss_or_decor_passed
D:12:     minmay_curly_fans, layout_stronghold
D:13:     cheibrodos_ideogram_h, layout_loops_ring, gammafunk_ghost_hydra_chop
D:14:     layout_cave_pools, ximxim_vaults_locker_room, serial_shops,
          nicolae_shop_stone, serial_bayou_pond_e, minmay_starry_boxes
D:15:     hangedman_depths_entry_try_elsewhere_first, layout_long_grid,
          serial_shops, shop, nicolae_shop_statue_plus, grunt_dithmenos_smoke,
          minmay_misc_feat_square, uniq_nessos
Temple:   minmay_freezing_vapour_temple
Lair:1:   layout_cave_pods, serial_bayou_shore_b, lemuel_fruit_fields
Lair:2:   layout_loops_ring, spider_nest_entry_a,
          chequers_serial_rivers_micro_e, grunt_forest_large_clearings
Lair:3:   layout_gridlike, minmay_swamp_entry_worms, uniq_urug, uniq_nergalle
Lair:4:   layout_gridlike, maelrawn_ghost_gauntlet_escape
Lair:5:   grunt_lair_end_beastmaster, layout_long_grid, slime_entry_2,
          minivault_19
Swamp:1:  layout_basic_swamp, hangedman_swamp_blocks,
          nicolae_swamp_very_dense_foliage, infiniplex_staircase_pool_2,
          uniq_aizul
Swamp:2:  layout_basic_swamp, evilmike_swamp_ruin_house_4, swamp_pool5
Swamp:3:  layout_basic_swamp, nicolae_swamp_dense_foliage
Swamp:4:  swamp_basic_johnstein, layout_basic_swamp
Spider:1: layout_spider_delve, uniq_donald
Spider:2: layout_cave_pods, nicolae_spider_webs_and_nodes,
          hellmonk_motheaten_closet, hangedman_spider_tarantella_strand
Spider:3: layout_spider_delve
Spider:4: grunt_spider_rune_circles, nicolae_spider_eight_legs, uniq_bai_suzhen,
          uniq_arachne, uniq_roxanne
Orc:1:    layout_caves
Orc:2:    st_orc_rangers, layout_caves
Elf:1:    elf_arrival_002, layout_loops_corners, serial_shops,
          nicolae_shop_pleasant_corner_grove, kennysheep_underground_church
Elf:2:    elven_hall_of_blades_hangedman_original
          [nicolae_blade_entry_crossed_weapons], layout_loops_cross,
          serial_shops, nicolae_shop_pleasant_corner_grove, uniq_nikola
Elf:3:    minmay_elf_hall_dome, layout_geoelf_octagon,
          ebering_ghost_reflecting_pool, abandoned_shop
Vaults:1: ontoclasm_vaults_bender, nicolae_vaults_apartment_2, v_misc_4,
          ontoclasm_vaults_pinch, ontoclasm_vaults_chip, nicolae_vaults_meeting,
          hangedman_vaults_locks, vaults_standard_mumra_x,
          nicolae_vaults_tetromino_Z_2, nicolae_vaults_tetromino_L_1,
          layout_vaults_chaotic_city
Vaults:2: hangedman_vaults_trim, grunt_vaults_bifocal,
          nicolae_vaults_network_star, nicolae_vaults_puzzle_piece, v_misc_3,
          vaults_room_grid, minmay_crypt_entry_simple_box,
          nicolae_vaults_tetromino_L_1, nicolae_vaults_little_ls,
          nicolae_vaults_ellipses_ellipsis, nicolae_vaults_diamond_2,
          nicolae_vaults_network_quinsquares
          [nicolae_vaults_network_quincunx_subvault,
          nicolae_vaults_network_quincunx_subvault,
          nicolae_vaults_network_quincunx_subvault,
          nicolae_vaults_network_quincunx_subvault], layout_vaults_maze_bifur,
          serial_hangedman_research, hangedman_research_geology,
          hangedman_research_electronics, hangedman_research_quantum,
          hangedman_research_toxicology
Vaults:3: mu_enter_wizlab_1, nicolae_vaults_what_the_h, vaults_room_pool,
          hangedman_vaults_corner, nicolae_vaults_house_3, v_pattern_2,
          nicolae_vaults_tetromino_Z_1, layout_vaults_quadrants, uniq_xtahua
WizLab:   wizlab_wucad

Skill      XL: |  1  2  3  4  5  6  7  8  9 10 11 12 13 14 15 16 17 18 19 20 21 |
---------------+----------------------------------------------------------------+-----
Conjurations   | 5 6 9 10 11 12 14 18 19 21 | 21.3
Dodging        | 8 10 12 16 18 | 18.8
Spellcasting   | 9 10 11 12 15 18 21 | 21.3
Fighting       | 2 4 8 9 |  9.1
Staves         | 5 |  5.4
Shields        | 3 5 |  5.6
Stealth        | 9 14 16 | 16.4
Ice Magic      | 3 7 |  7.0
Fire Magic     | 10 14 17 | 17.4
Armour         | 7 |  7.0
Earth Magic    | 8 |  8.0

Action                     |  1- 3 |  4- 6 |  7- 9 | 10-12 | 13-15 | 16-18 | 19-21 | 22-24 || total
---------------------------+-------+-------+-------+-------+-------+-------+-------+-------++-------
  Melee: Staff             |       |       |       |    46 |    15 |     4 |       |       ||    65
         Bo                |       |       |       |       |       |       |     8 |       ||     8
  Throw: Dart              |       |       |       |     4 |       |       |       |       ||     4
   Cast: Magic Dart        |    59 |    63 |    51 |    98 |   117 |    51 |    62 |     1 ||   502
         Searing Ray       |     1 |     8 |    38 |    79 |    19 |     3 |    27 |     2 ||   177
         Iskenderun's Myst |       |     1 |    21 |   187 |   138 |    61 |   247 |     6 ||   661
         Mephitic Cloud    |       |       |     2 |     4 |     1 |       |       |       ||     7
         Hailstorm         |       |       |       |     3 |    24 |       |     4 |       ||    31
         Fireball          |       |       |       |       |   335 |   296 |   290 |     4 ||   925
         Spellforged Servi |       |       |       |       |       |     8 |     8 |       ||    16
         Fire Storm        |       |       |       |       |       |       |    27 |     1 ||    28
         Lehudib's Crystal |       |       |       |       |       |       |    11 |    14 ||    25
  Evoke: Wand              |       |       |       |     1 |       |     6 |       |       ||     7
    Use: Scroll            |       |     3 |     3 |     3 |     8 |     6 |     7 |       ||    30
         Potion            |       |     1 |       |     2 |       |     1 |     1 |     1 ||     6
 Armour: Robe              |     3 |    14 |    29 |   121 |    53 |   101 |    78 |    10 ||   409
  Dodge: Dodged            |     6 |    13 |    31 |   139 |    62 |    80 |   106 |     8 ||   445
  Block: Buckler           |       |       |       |    33 |    20 |       |       |       ||    53

Table legend: (Time is in decaauts)
 A = Elapsed time spent in this place.
 B = Non-inter-level travel time spent in this place.
 C = Inter-level travel time spent in this place.
 D = Time resting spent in this place.
 E = Time spent auto-exploring this place.
 F = Levels seen in this place.
 G = Mean time per level.
                   A        B        C        D        E       F      G
               +--------+--------+--------+--------+--------+-----+--------+
         Total |  49784 |  45028 |   4756 |   4674 |  33916 |  39 | 1276.5 |
       Dungeon |  23373 |  20866 |   2507 |   2375 |  15767 |  15 | 1558.2 |
        Temple |      1 |      1 |      0 |      0 |      0 |   1 |    1.0 |
          Lair |   7157 |   6083 |   1074 |    165 |   5196 |   5 | 1431.4 |
         Swamp |   3656 |   3360 |    296 |    789 |   2180 |   4 |  914.0 |
   Spider Nest |   5042 |   4468 |    574 |    619 |   3212 |   4 | 1260.5 |
  Orcish Mines |   1400 |   1308 |     92 |      0 |   1112 |   2 |  700.0 |
   Elven Halls |   3711 |   3564 |    147 |     34 |   2899 |   3 | 1237.0 |
        Vaults |   3147 |   3085 |     62 |     43 |   2548 |   3 | 1049.0 |
         Abyss |   2209 |   2209 |      0 |    607 |    985 |   1 | 2209.0 |
        Wizlab |     83 |     83 |      0 |     42 |     16 |   1 |   83.0 |
               +--------+--------+--------+--------+--------+-----+--------+

Top non-repeatable levels by time:
     D:8: 2695 daAuts
 Abyss:2: 2209 daAuts
Spider:3: 2041 daAuts
     D:6: 1990 daAuts
    D:11: 1937 daAuts
    D:12: 1933 daAuts
     D:5: 1907 daAuts
    D:10: 1877 daAuts
  Lair:1: 1826 daAuts
     D:9: 1614 daAuts
  Lair:2: 1595 daAuts
     D:7: 1471 daAuts
Vaults:2: 1465 daAuts
 Swamp:4: 1426 daAuts
    D:13: 1388 daAuts
